AoeStats
← Tokfrans

Black Forest

509680330Analyzed
2v2 RM · 3d ago on Sep 27, 2026· 38m 56s· 4 players
Game mode
Random Map
Map size
Medium (4 player)
Population
200
Speed
Normal
Resources
Standard
Victory
Conquest
Starting age
Dark Age
Ending age
Imperial Age
RankedLock teamsTeams togetherTeam positionsShared explorationLock speedFull tech treeHidden civsTurbo modeCheats
Victory
Defeat
🇮🇳 Bohemians · India
1005
+15
🇮🇪 Spanish · Ireland
970
+17
🇸🇪 Maya · Sweden
1028
-18
🇹🇷 Chinese · Türkiye
950
-14
run and gun
1:04 Loom
11:58 Feudal Age
16:28 Castle Age
15:13 Double-Bit Axe
22:19 Horse Collar
24:32 Heavy Plow
25:30 Wheelbarrow
29:49 Redemption
31:12 Hand Cart
30:55 Man-at-Arms
36:38 Imperial Age
33:53 Town Watch
35:21 Bow Saw
35:53 Ballistics
36:35 Chemistry
36:00 Ballistics
36:11 Scale Barding Armor
36:20 Forging
36:37 Husbandry
37:37 Siege Engineers
37:55 Town Patrol
nickel8448
0:27 Loom
11:51 Feudal Age
16:44 Castle Age
15:56 Stone Mining
16:13 Double-Bit Axe
18:57 Bow Saw
24:42 Wheelbarrow
29:36 Husbandry
30:40 Bloodlines
31:19 Hand Cart
31:06 Gold Mining
35:54 Imperial Age
36:50 Elite Conquistador
Tokfrans
12:17 Feudal Age
13:22 Feudal Age
18:01 Castle Age
18:18 Double-Bit Axe
19:52 Double-Bit Axe
23:26 Bow Saw
Katavera
2:16 Loom
14:42 Feudal Age
15:10 Horse Collar
15:19 Double-Bit Axe
16:13 Wheelbarrow
18:31 Gold Mining
18:38 Stone Mining
22:03 Town Watch
25:44 Man-at-Arms
31:51 Castle Age
Connection lost

Rejoining the realm…

Still unreachable

The connection could not be restored.

Session expired

The server has moved on; the page needs a fresh start.